 Dungeon Crawl Stone Soup version 0.17.0-28-g6e173f8 (webtiles) character file.

88 shane the Skirmisher (level 4, 0/39 HPs)
             Began as a Demonspawn Wanderer on Dec 3, 2015.
             Slain by an orc
             ... wielding a cursed -1 flail
              (1 damage)
             ... on level 3 of the Dungeon.
             The game lasted 00:09:35 (2251 turns).

shane the Skirmisher (Demonspawn Wanderer)          Turns: 2251, Time: 00:09:37

Health: 0/39       AC: 14    Str: 19    XL:     4   Next: 29%
Magic:  4/4        EV:  5    Int: 13    God:
Gold:   53         SH:  0    Dex: 12    Spells: 0 memorised, 3 levels left

rFire  . . .     SeeInvis .     a - +2 mace
rCold  . . .     Clarity  .     o - +0 plate armour
rNeg   . . .     SustAt   .     (no shield)
rPois  .         Gourm    .     (helmet restricted)
rElec  .         Spirit   .     (no cloak)
rCorr  .         Warding  .     (no gloves)
rMut   .         Stasis   .     (no boots)
MR     .....                    (no amulet)
Stlth  ..........               (no ring)
                                (no ring)

@: mighty, lethally poisoned (0 -> -7), not resistant to hostile enchantments,
extremely unstealthy
A: antennae 1, iridescent scales 1
a: no special abilities


You were on level 3 of the Dungeon.
You were full.

You visited 1 branch of the dungeon, and saw 3 of its levels.

You collected 53 gold pieces.

Inventory:

Hand Weapons
 a - a +2 mace (weapon)
Missiles
 f - 51 stones (quivered)
Armour
 d - a +0 robe
 k - a +0 buckler
 o - a +0 plate armour (worn)
Scrolls
 g - a scroll of amnesia {unknown}
 h - 2 scrolls of teleportation {unknown}
 j - 2 scrolls of noise {unknown}
 m - a scroll of enchant armour {unknown}
 n - a scroll of recharging {unknown}
 r - a scroll of enchant weapon {unknown}
 s - a scroll of identify {unknown}
Potions
 b - a potion of lignification
 t - a potion of flight {unknown}
Comestibles
 i - a royal jelly
 p - a meat ration
 q - a bread ration


   Skills:
 * Level 5.3 Fighting
 - Level 2.6 Maces & Flails
 - Level 1.0 Armour
 + Level 1.3 Dodging
 + Level 1.5 Stealth
 + Level 1.0 Shields


You had 3 spell levels left.
You didn't know any spells.

Dungeon Overview and Level Annotations

Branches:
Dungeon (3/15)

Altars:
Fedhas


Innate Abilities, Weirdness & Mutations

You have a pair of small antennae on your head.
You are partially covered in iridescent scales (AC +4).


Message History

You feel sick. The orc hits you but does no damage.
You hear some strange, mumbled words.
A magic dart appears from out of thin air!
The magic dart hits you!
* * * LOW HITPOINT WARNING * * *
The orc hits you but does no damage.
It was a potion of might.
You feel very mighty all of a sudden.
* * * LOW HITPOINT WARNING * * *
You feel sick.
An orc wizard appears from thin air!
Reactivating autopickup.
The orc wizard completely misses you. The orc barely misses you.
You closely miss the orc wizard.
The orc wizard is moderately wounded.
* * * LOW HITPOINT WARNING * * *
You feel sick. The orc hits you but does no damage.
The orc wizard hits you but does no damage.
The orc hits you but does no damage.
The orc hits you with an enchanted flail.
You die...

#.# #.#
##..#...## #.#
#.# ##.......
#.###########
####.##.
#.#..........
#.##.
#.#.#.####.# #.
#. #<..#.#).#.#
#. #. #..##.#..'
+ #. #.
#..##.#o##.####.
#. #.
#..##.@o.)......
#.##.
...##.#o##.####.
#....
.##..#.#..# #
####. ..
####.#?.+ #. #
#.#### #. #.. ##
#.# # #. # #


You could see an orc wizard and 2 orcs.

Vanquished Creatures
  2 oozes (D:1)
  A worm (D:3)
  2 orcs (D:3)
  10 hobgoblins
  3 jackals (D:2)
  A quokka (D:2)
  8 bats
  2 giant cockroaches (D:2)
  5 giant geckos
  4 giant newts
  15 goblins
  5 kobolds
  11 rats
69 creatures vanquished.

Vanquished Creatures (others)
  A goblin (D:1)
  A giant newt (D:1)
2 creatures vanquished.

Grand Total: 71 creatures vanquished

Notes
Turn   | Place    | Note
--------------------------------------------------------------
     0 | D:1      | shane the Demonspawn Wanderer began the quest for the Orb.
     0 | D:1      | shane set off with: a +2 mace, a potion of lignification, a potion of curing, a +0 robe, a bread ration
     0 | D:1      | Reached XP level 1. HP: 19/19 MP: 1/1
    75 | D:1      | Gained mutation: You are partially covered in iridescent scales (AC +4). [demonic ancestry]
    75 | D:1      | Reached XP level 2. HP: 9/26 MP: 2/2
   497 | D:1      | Reached XP level 3. HP: 20/32 MP: 3/3
   574 | D:1      | Reached skill level 5 in Fighting
  1455 | D:2      | Found a blossoming altar of Fedhas.
  1551 | D:2      | Reached skill level 1 in Dodging
  1917 | D:2      | Gained mutation: You have a pair of small antennae on your head. [demonic ancestry]
  1917 | D:2      | Reached XP level 4. HP: 39/39 MP: 4/4
  2251 | D:3      | HP: 1/39 [poison (a potion of poison)]
  2251 | D:3      | Slain by an orc

Action                   |  1- 3 |  4- 6 || total
-------------------------+-------+-------++-------
Melee: Mace              |   144 |    63 ||   207
  Use: Potion            |       |     3 ||     3
 Stab: Sleeping          |     5 |       ||     5
  Eat: Bread ration      |     2 |       ||     2
